 Dungeon Crawl Stone Soup version 0.23.1 (webtiles) character file.

Game seed: 2202926792587582305

17 DimondSprtn the Charmwright (level 2, -1/23 HPs)
             Began as a Merfolk Skald on Mar 15, 2019.
             Slain by an adder (2 damage)
             ... on level 2 of the Dungeon.
             The game lasted 00:01:43 (927 turns).

DimondSprtn the Charmwright (Merfolk Skald)          Turns: 927, Time: 00:01:43

Health: -1/23      AC:  3    Str: 11    XL:     2   Next: 62%
Magic:  1/5        EV: 18    Int: 12    God:
Gold:   58         SH:  0    Dex: 20    Spells: 0/5 levels left

rFire    x . .     SeeInvis .   a - +0 spear
rCold    + . .     Gourm    .   (no shield)
rNeg     . . .     Faith    .   b - +0 leather armour
rPois    .         Spirit   .   (no helmet)
rElec    .         Reflect  .   (no cloak)
rCorr    .         Harm     .   (no gloves)
MR       .....     Rnd*Rage +   (no boots)
Stlth    +++.......             (no amulet)
HPRegen  0.07/turn              h - ring of ice
MPRegen  0.09/turn              (no ring)

@: agile, lethally poisoned (-1 -> -6)
A: change form in water, swift swim, stealthy swim, agile 1, berserk 1,
screaming 1
a: no special abilities


You were on level 2 of the Dungeon.
You were not hungry.

You visited 1 branch of the dungeon, and saw 2 of its levels.

You collected 58 gold pieces.

Inventory:

Hand Weapons
 a - a +0 spear (weapon)
Armour
 b - a +0 leather armour (worn)
Jewellery
 h - a ring of ice (left hand)
Scrolls
 e - a scroll of blinking {unknown}
 f - 7 scrolls of identify {unknown}
 i - a scroll of teleportation {unknown}
 j - a scroll of fog {unknown}
 k - a scroll of remove curse {unknown}
 m - a scroll of fear {unknown}
Comestibles
 d - a ration


   Skills:
 + Level 2.4 Fighting
 + Level 3.2 Polearms
 - Level 0.6 Armour
 + Level 3.0 Dodging
 + Level 2.1 Spellcasting
 * Level 3.6 Charms


You couldn't memorise any spells.
You knew the following spells:

 Your Spells              Type           Power        Failure   Level  Hunger
a - Infusion              Chrm           ##..         8%          1    ##.....
b - Song of Slaying       Chrm           ##......     12%         2    ###....
c - Shroud of Golubria    Chrm/Tloc      #.........   26%         2    ###....

Your spell library contained the following spells:

 Spells                   Type           Power        Failure   Level  Hunger
 Regeneration             Chrm/Necr      #.........   45%         3    ####...
 Spectral Weapon          Hex/Chrm       #.......     45%         3    ####...


Dungeon Overview and Level Annotations

Branches:
Dungeon (2/15)

Altars:


Innate Abilities, Weirdness & Mutations

You revert to your normal form in water You are very nimble and swift while swimming.
You are very stealthy in the water. (Stealth+)
You are agile. (Dex +2)
You tend to lose your temper in combat.
You occasionally shout uncontrollably at your foes.


Message History

The adder bites you but does no damage. x2
You hit the adder.
The adder is almost dead.
The adder bites you.
* * * LOW HITPOINT WARNING * * *
You are lethally poisoned!
The adder poisons you!
You closely miss the adder.
The adder is almost dead.
* * * LOW HITPOINT WARNING * * *
You feel sick. The adder misses you.
It was a potion of mutation.
You feel extremely strange.
You feel a little pissed off.
You feel the urge to shout.
You feel agile. The adder closely misses you.
Okay, then.
It was a potion of agility.
You feel agile all of a sudden.
* * * LOW HITPOINT WARNING * * *
You feel sick. The adder barely misses you. The adder bites you.
You die...

############ ####
#..........# ...#
#.....<....# #####...# #
#..........###.......##..
#..........@SJ...........
#........#######......#.?
#........# #..)......
#..####### #..).<....
#### #.........
#......... #.........
#......... ..........


You could see an ooze and an adder.

Vanquished Creatures
  A leopard gecko (D:2)
  2 goblins
  2 hobgoblins
  2 jackals (D:1)
  A kobold (D:1)
  3 bats (D:2)
  3 rats (D:1)
14 creatures vanquished.

Notes
Turn   | Place    | Note
-------+----------+-------------------------------------------
     0 | D:1      | DimondSprtn the Merfolk Skald began the quest for the Orb.
     0 | D:1      | Reached XP level 1. HP: 16/16 MP: 3/3
   191 | D:1      | Reached XP level 2. HP: 23/23 MP: 1/5
   236 | D:1      | Learned a level 2 spell: Song of Slaying
   239 | D:1      | Learned a level 2 spell: Shroud of Golubria
   926 | D:2      | Gained mutation: You tend to lose your temper in combat.
                  | [potion of mutation]
   926 | D:2      | Gained mutation: You occasionally shout uncontrollably at
                  | your foes. [potion of mutation]
   926 | D:2      | Gained mutation: You are agile. (Dex +2) [potion of
                  | mutation]
   927 | D:2      | HP: 1/23 [poisoned by an adder]
   927 | D:2      | Slain by an adder

Skill      XL: |  1  2 |
---------------+-------+-----
Dodging        | 3 |  3.0
Fighting       | |  2.4
Polearms       | |  3.2
Armour         | |  0.6
Spellcasting   | |  2.1
Charms         | |  3.6

Action                   || total
-------------------------++-------
Melee: Spear             ||    45
 Cast: Infusion          ||     3
  Use: Potion            ||     2
Armor: Leather armour    ||     8
Dodge: Dodged            ||    18
